 Dungeon Crawl Stone Soup version 0.19-a0-386-gde47aeb (webtiles) character file.

171 Chemotherapy the Cutter (level 5, -2/36 HPs)
             Began as a Halfling Fighter on May 30, 2016.
             Was an Initiate of Gozag.
             Killed by divine providence
             ... invoked by an orc priest
              (11 damage)
             ... on level 3 of the Dungeon.
             The game lasted 00:05:21 (2094 turns).

Chemotherapy the Cutter (Halfling Fighter)          Turns: 2094, Time: 00:05:21

Health: -2/36      AC: 11    Str: 16    XL:     5   Next: 81%
Magic:  5/5        EV:  7    Int:  7    God:    Gozag
Gold:   179        SH:  9    Dex: 15    Spells: 0 memorised, 4 levels left

rFire  . . .     SeeInvis .     a - +0 rapier
rCold  . . .     Gourm    .     i - +0 chain mail
rNeg   . . .     Faith    .     c - +0 shield
rPois  +         Spirit   .     (no helmet)
rElec  .         Dismiss  .     n - +0 cloak
rCorr  .         Reflect  .     (no gloves)
SustAt .         Harm     .     (no boots)
MR     .....                    (no amulet)
Stlth  ..........               w - +1 ring of protection
                                u - ring of poison resistance {rPois, !d}

@: gold aura, not resistant to hostile enchantments, extremely unstealthy
A: mutation resistance 1
a: Potion Petition, Call Merchant, Bribe Branch, Renounce Religion


You were on level 3 of the Dungeon.
You worshipped Gozag.
Gozag was noncommittal.
You were not hungry.

You visited 1 branch of the dungeon, and saw 3 of its levels.

You collected 179 gold pieces.

Inventory:

Hand Weapons
 a - a +0 rapier (weapon)
 b - a +0 hunting sling
   (You took it off a goblin on level 2 of the Dungeon)
Missiles
 r - 59 stones (quivered)
 y - 24 sling bullets
Armour
 c - a +0 shield (worn)
 i - a +0 chain mail (worn)
   (You found it on level 1 of the Dungeon)
 n - a +0 cloak (worn)
   (You found it on level 1 of the Dungeon)
Jewellery
 o - an uncursed ring of fire {rF+, rC-}
   (You found it on level 2 of the Dungeon)
 u - a ring of poison resistance (left hand) {rPois, !d}
   (You found it on level 2 of the Dungeon)
 w - a +1 ring of protection (right hand)
   (You found it on level 3 of the Dungeon)
Scrolls
 e - 2 scrolls of teleportation {unknown}
 h - a scroll of recharging {unknown}
 j - a scroll of enchant armour {unknown}
 l - 3 scrolls of identify {unknown}
 q - a scroll of random uselessness {unknown}
 t - a scroll of immolation {unknown}
 v - a scroll of magic mapping {unknown}
 x - a scroll of enchant weapon {unknown}
Potions
 d - a potion of curing {unknown}
 k - a potion of magic {unknown}
 m - a potion of cancellation {unknown}
 s - 2 potions of cure mutation {unknown}
 A - a potion of berserk rage {unknown}
Comestibles
 f - 4 bread rations {@e1}
 g - 3 meat rations {@e2}
 p - a fruit
 z - a beef jerky


   Skills:
 + Level 3.3 Fighting
 * Level 4.8 Short Blades
 + Level 1.9 Slings
 + Level 4.0 Armour
 + Level 1.4 Dodging
 + Level 3.8 Shields


You had 4 spell levels left.
You didn't know any spells.

Dungeon Overview and Level Annotations

Branches:
Dungeon (3/15)

Altars:
Dithmenos
Gozag
Okawaru


Innate Abilities, Weirdness & Mutations

You are small and have problems with some larger weapons.
You are somewhat resistant to further mutation.


Message History

You now have 179 gold pieces (gained 5).
You see here a club.
Found a stone staircase leading down.
There is an open door here.
There is a stone staircase leading down here.
A rat comes into view.
You regained 2 hp, and now have 34/36 hp.
Aim: a rat You shoot a sling bullet.
The sling bullet hits the rat!
You kill the rat!
a - a +0 rapier (weapon)
b - a +0 hunting sling (weapon)
2 orcs come into view.
The orc shouts!
A hobgoblin and an orc priest come into view.
Aim: an orc, wielding a flail and wearing a chain mail You shoot a sling bullet.
The orc priest shouts!
The hobgoblin shouts!
The sling bullet hits the orc.
The hobgoblin moves out of view.
The orc priest moves out of view.
A hound skeleton comes into view.
Aim: an orc, wielding a flail and wearing a chain mail (heavily wounded)
You shoot a sling bullet. The sling bullet hits the orc.
The hound skeleton moves out of view.
Aim: an orc, wielding a flail and wearing a chain mail (severely wounded)
You shoot a sling bullet. The sling bullet hits the orc!
You kill the orc!
Aim: an orc, wielding a club You shoot a sling bullet.
The sling bullet hits the orc.
Aim: an orc, wielding a club (heavily wounded)
You shoot a sling bullet. The sling bullet barely misses the orc.
The hobgoblin is distracted by the nearby gold.
You block the orc's attack.
a - a +0 rapier (weapon)
The hobgoblin shouts!
You hit the orc.
You kill the orc!
A bat and an orc come into view.
The orc shouts!
The orc moves out of view.
Things that are here:
16 gold pieces; a club; a sling bullet A ball python comes into view.
A bat and a kobold come into view.
The bat is distracted by the nearby gold.
The orc priest mumbles some strange prayers to Beogh against you.
Beogh smites you!
Found an iron altar of Okawaru.
You see here 2 sling bullets.
You take 11 damage, and have 24/36 hp.
MASSIVE DAMAGE!!
You hit the hobgoblin.
The hobgoblin is no longer distracted by gold.
The bat hits you but does no damage.
The hobgoblin is distracted by the nearby gold.
The hobgoblin shouts!
You hit the hobgoblin.
You kill the hobgoblin!
The bat barely misses you. You block the bat's attack.
The orc priest miscasts a cantrip.
You hit the orc. The bat hits you but does no damage.
You puncture the orc!
You kill the orc!
The bat is no longer distracted by gold.
The bat hits you but does no damage.
The bat is distracted by the nearby gold.
The kobold hits you but does no damage.
You hit the kobold. The bat closely misses you. You block the kobold's attack.
You hit the kobold but do no damage. The bat hits you but does no damage.
The kobold is distracted by the nearby gold.
The kobold shouts!
You hit the kobold.
You kill the kobold!
You block the bat's attack. x2
You hit the orc priest.
The bat is no longer distracted by gold.
The bat closely misses you.
The bat is distracted by the nearby gold.
The orc priest hits you with a hand axe.
You take 4 damage, and have 21/36 hp.
You are too injured to fight recklessly!
You closely miss the orc priest. The bat hits you but does no damage.
The orc priest hits you with a hand axe.
You closely miss the orc priest. You block the bat's attack.
The ball python is distracted by the nearby gold.
The orc priest barely misses you.
You barely miss the orc priest. You block the bat's attack.
The bat hits you but does no damage.
The orc priest invokes the aid of Beogh against you.
Beogh smites you!
* * * LOW HITPOINT WARNING * * *
You take 12 damage, and have 9/36 hp.
MASSIVE DAMAGE!!
You closely miss the orc priest.
The bat is no longer distracted by gold.
You block the bat's attack. The bat hits you but does no damage.
The orc priest invokes the aid of Beogh against you.
Beogh smites you!
You die...
Your body crumbles into a pile of gold.

######## .......#
#############
.......###............
#.......<.........
#.$###.####.......
#.$# #>...'...)...
#@.# #.####.......
.._..Sob.# #.#
#....... ......#b.#
#.# #.......
......#?.# #.#
######## ..... #..#
#.# ##.## #..# #.# ...
...# #.# .. ...# #.#


You could see an orc priest, 2 bats and a ball python.

Vanquished Creatures
  The ghost of badtown the Chopper, a weakling HOFi of Uskayaw (D:3)
  3 adders
  A gnoll (D:1)
  An ooze (D:2)
  A worm (D:2)
  A dart slug (D:2)
  2 giant geckos (D:2)
  7 orcs (D:3)
  9 bats
  3 giant cockroaches
  9 goblins
  6 hobgoblins
  A quokka (D:2)
  3 giant newts
  13 kobolds
  7 rats
68 creatures vanquished.

Notes
Turn   | Place    | Note
--------------------------------------------------------------
     0 | D:1      | Chemotherapy the Halfling Fighter began the quest for the Orb.
     0 | D:1      | Reached XP level 1. HP: 15/15 MP: 1/1
    20 | D:1      | Reached skill level 3 in Short Blades
    20 | D:1      | Reached XP level 2. HP: 12/20 MP: 2/2
   403 | D:1      | Reached XP level 3. HP: 25/25 MP: 3/3
   726 | D:2      | Reached skill level 3 in Fighting
   830 | D:2      | Reached XP level 4. HP: 26/31 MP: 4/4
  1121 | D:2      | Reached skill level 4 in Short Blades
  1304 | D:2      | Found a faded altar of an unknown god.
  1324 | D:2      | Became a worshipper of Gozag Ym Sagoz the Greedy
  1561 | D:2      | Reached skill level 1 in Slings
  1755 | D:3      | Noticed badtown's ghost (weakling HOFi)
  1764 | D:3      | Killed badtown's ghost
  1764 | D:3      | Reached skill level 1 in Dodging
  1764 | D:3      | Reached XP level 5. HP: 31/36 MP: 5/5
  1784 | D:3      | Found a shadowy altar of Dithmenos.
  2013 | D:3      | Reached skill level 4 in Armour
  2082 | D:3      | Found an iron altar of Okawaru.
  2093 | D:3      | HP: 9/36 [orc priest/divine providence (12)]
  2094 | D:3      | Killed from afar by an orc priest

Vault maps used:
D:1:      dpeg_arrival_refuge, hangedman_decor_opposing
D:2:      ecumenical_altar_1, serial_park_tiny_2
D:3:      corexii_shack_village, old_standard_altar, grunt_dithmenos_smoke

Skill      XL: |  1  2  3  4  5 |
---------------+----------------+-----
Short Blades   | 3 4 |  4.8
Fighting       | 3 |  3.3
Slings         | 1 |  1.9
Dodging        | 1 |  1.4
Armour         | 4 |  4.0
Shields        | |  3.8

Action                   |  1- 3 |  4- 6 || total
-------------------------+-------+-------++-------
Melee: Rapier            |    96 |   138 ||   234
 Fire: Hunting sling     |       |    49 ||    49
  Use: Potion            |       |     1 ||     1
  Eat: Fruit             |       |     4 ||     4
       Chunk             |       |     1 ||     1
Armor: Chain mail        |    30 |    69 ||    99
       Scale mail        |     5 |       ||     5
Dodge: Dodged            |    24 |    32 ||    56
Block: Shield            |    53 |    75 ||   128

Vault maps used:
D:1:      dpeg_arrival_refuge, hangedman_decor_opposing
D:2:      ecumenical_altar_1, serial_park_tiny_2
D:3:      corexii_shack_village, old_standard_altar, grunt_dithmenos_smoke

Table legend:
 A = Turns spent in this place as a percentage of turns spent in the entire game.
 B = Non-inter-level travel turns spent in this place as a percentage of non-inter-level travel turns spent in the entire game.
 C = Inter-level travel turns spent in this place as a percentage of turns spent in this place.
 D = Turns resting spent in this place as a percentage of non-inter-level travel turns spent in this place.
 E = Turns spent auto-exploring this place as a percentage of non-inter-level travel turns spent in this place.
 F = Non-inter-level travel turns spent in this place divided by the number of levels of this place that you've seen.
                   A       B       C       D       E      F
               +-------+-------+-------+-------+-------+----------------------
         Total | 100.0 | 100.0 |   0.3 |   0.9 |  10.7 | 257.7
       Dungeon | 100.0 | 100.0 |   0.3 |   0.9 |  10.7 | 257.7
               +-------+-------+-------+-------+-------+----------------------

Table legend:
 A = Kills in this place as a percentage of kills in entire the game.
 B = Kills by you in this place as a percentage of kills by you in the entire game.
 C = Kills by friends in this place as a percentage of kills by friends in the entire game.
 D = Other kills in this place as a percentage of other kills in the entire game.
 E = Experience gained in this place as a percentage of experience gained in the entire game.
 F = Experience gained in this place divided by the number of levels of this place that you have seen.
                   A       B       C       D       E      F
               +-------+-------+-------+-------+-------+----------------------
         Total | 100.0 | 100.0 |  -nan |  -nan | 100.0 |  81.7
       Dungeon | 100.0 | 100.0 |  -nan |  -nan | 100.0 |  81.7
               +-------+-------+-------+-------+-------+----------------------
